APP
PRINCETON RAYS @ BALTIMORE (RK+) ORIOLES
09/13/2098
 
TOP OF THE 1ST
Princeton Rays batting - Pitching for Baltimore (Rk+) Orioles : RHP Sean Fresh
Pitching: RHP Sean Fresh
Batting: RHB Eric Fowler 0-0: Called Strike
0-1: Single, Error in OF, E8, batter to second base (Line Drive, 6D, EV 95.0 MPH)
Batting: RHB Mike Konstantopoulos 0-0: Swinging Strike
0-1: Called Strike
0-2: Foul Ball, location: 3SF
0-2: Ball
1-2: Fly out, F8 (Line Drive, 8RD, EV 83.1 MPH)
Runner from 2nd tags up, SAFE at 3rd with throw by CF
Batting: RHB Danny Arango 0-0: Foul Ball, location: 9LSF
0-1: Ball
1-1: Ground out 6-3 (Groundball, 6, EV 101.9 MPH)
Eric Fowler scores
Batting: RHB Denzel Gordon 0-0: Ball
1-0: Ball
2-0: Ball
3-0: Called Strike
3-1: Foul Ball, location: 5SF
3-2: Base on Balls
Batting: SHB Steve Roser 0-0: Foul Ball, location: 25F
0-1: Fly out, F8 (Flyball, 8LD, EV 102.5 MPH)
Top of the 1st over - 1 run, 1 hit, 1 error, 1 left on base; Princeton 1 - Baltimore (Rk+) 0
BOTTOM OF THE 1ST
Baltimore (Rk+) Orioles batting - Pitching for Princeton Rays : RHP Jose Chabes
Pitching: RHP Jose Chabes
Batting: RHB Darius Williams 0-0: Foul Ball, location: 2F
0-1: Ball
1-1: Called Strike
1-2: Ball
2-2: Ball
3-2: Strikes out swinging
Batting: LHB Jose Estrada 0-0: Ball
1-0: Called Strike
1-1: Foul Ball, location: 7LDF
1-2: Foul Ball, location: 25F
1-2: Strikes out swinging
Batting: RHB Jimmy Hesch 0-0: Called Strike
0-1: Ball
1-1: Foul Ball, location: 2F
1-2: Fly out, F9 (Flyball, 89D, EV 101.3 MPH)
Bottom of the 1st over - 0 runs, 0 hits, 0 errors, 0 left on base; Princeton 1 - Baltimore (Rk+) 0
TOP OF THE 2ND
Princeton Rays batting - Pitching for Baltimore (Rk+) Orioles : RHP Sean Fresh
Batting: RHB Vincent Guajardo 0-0: Fly out, F3 (Popup, 3F, EV 68.8 MPH)
Batting: LHB Ruben Montero 0-0: Called Strike
0-1: Ball
1-1: Ball
2-1: Called Strike
2-2: Foul Ball, location: 23F
2-2: Foul Ball, location: 2F
2-2: Foul Ball, location: 2F
2-2: Ground out 4-3 (Groundball, 34, EV 85.6 MPH)
Batting: LHB Manny Seay 0-0: Swinging Strike
0-1: Ball
1-1: Ground out 1-3 (Groundball, 13S, EV 61.3 MPH)
Top of the 2nd over - 0 runs, 0 hits, 0 errors, 0 left on base; Princeton 1 - Baltimore (Rk+) 0
BOTTOM OF THE 2ND
Baltimore (Rk+) Orioles batting - Pitching for Princeton Rays : RHP Jose Chabes
Batting: RHB Malik Worley 0-0: Ground out 4-3 (Groundball, 4, EV 88.8 MPH)
Batting: RHB John Larsen 0-0: Ball
1-0: Foul Ball, location: 9LSF
1-1: Ball
2-1: Ball
3-1: SINGLE (Groundball, 34D, EV 96.3 MPH)
Batting: SHB Xavier Rios 0-0: Called Strike
0-1: Swinging Strike
0-2: SINGLE (Groundball, 56D, EV 82.5 MPH) (infield hit)
John Larsen to second
Batting: RHB Lee O'Reilly 0-0: Ball
1-0: Foul Ball, location: 2F
1-1: Fly out, F8 (Flyball, 8LM, EV 78.1 MPH)
Batting: RHB Rich Cruz 0-0: Called Strike
0-1: Foul Ball, location: 9LMF
0-2: Ball
1-2: Fly out, F6 (Popup, 6, EV 75.6 MPH)
Bottom of the 2nd over - 0 runs, 2 hits, 0 errors, 2 left on base; Princeton 1 - Baltimore (Rk+) 0
TOP OF THE 3RD
Princeton Rays batting - Pitching for Baltimore (Rk+) Orioles : RHP Sean Fresh
Batting: RHB Francisco Salinas 0-0: Ball
1-0: Ball
2-0: SINGLE (Line Drive, 4D, EV 97.5 MPH)
Batting: RHB Eric Fowler 0-0: Ball
1-0: Ball
2-0: SINGLE (Groundball, 5L, EV 106.3 MPH) (infield hit)
Francisco Salinas to second
Batting: RHB Mike Konstantopoulos 0-0: Swinging Strike
0-1: Ball
1-1: Ball
2-1: Ball
3-1: Sac Bunt to 15 - play at first, batter OUT! 1-4
Francisco Salinas to third
Eric Fowler to second
Batting: RHB Danny Arango 0-0: Ball
1-0: Ball
2-0: Called Strike
2-1: Fly out, F8 (Flyball, 8LM, EV 97.5 MPH)
Runner from 3rd tags up, SCORES, throw by CF
Batting: RHB Denzel Gordon 0-0: 2-RUN HOME RUN (Flyball, 7D, EV 94.4 MPH), Distance : 375 ft
Batting: SHB Steve Roser 0-0: Ball
1-0: Called Strike
1-1: Foul Ball, location: 9LDF
1-2: Ground out 5-3 (Groundball, 56, EV 83.1 MPH)
Top of the 3rd over - 3 runs, 3 hits, 0 errors, 0 left on base; Princeton 4 - Baltimore (Rk+) 0
BOTTOM OF THE 3RD
Baltimore (Rk+) Orioles batting - Pitching for Princeton Rays : RHP Jose Chabes
Batting: RHB Danny Phillips 0-0: Foul Ball, location: 2F
0-1: Swinging Strike
0-2: Ball
1-2: Strikes out swinging
Batting: RHB Darius Williams 0-0: Ball
1-0: Ground out U3 (Groundball, 34S, EV 85.0 MPH)
Batting: LHB Jose Estrada 0-0: Called Strike
0-1: Ball
1-1: Swinging Strike
1-2: Ball
2-2: Strikes out looking
Bottom of the 3rd over - 0 runs, 0 hits, 0 errors, 0 left on base; Princeton 4 - Baltimore (Rk+) 0
TOP OF THE 4TH
Princeton Rays batting - Pitching for Baltimore (Rk+) Orioles : RHP Sean Fresh
Batting: RHB Vincent Guajardo 0-0: Ball
1-0: Called Strike
1-1: Ball
2-1: Ball
3-1: Foul Ball, location: 2F
3-2: Fly out, F7 (Flyball, 7, EV 93.8 MPH)
Batting: LHB Ruben Montero 0-0: Swinging Strike
0-1: Foul Ball, location: 7LDF
0-2: Ball
1-2: Foul Ball, location: 2F
1-2: Fly out, F7 (Line Drive, 78M, EV 93.1 MPH)
Batting: LHB Manny Seay 0-0: Ball
1-0: Foul Ball, location: 7LDF
1-1: Foul Ball, location: 25F
1-2: Ball
2-2: TRIPLE (Flyball, 9D, EV 108.1 MPH)
Batting: RHB Francisco Salinas 0-0: Ball
1-0: Fly out, F8 (Line Drive, 8LD, EV 89.4 MPH)
Top of the 4th over - 0 runs, 1 hit, 0 errors, 1 left on base; Princeton 4 - Baltimore (Rk+) 0
BOTTOM OF THE 4TH
Baltimore (Rk+) Orioles batting - Pitching for Princeton Rays : RHP Jose Chabes
Batting: RHB Jimmy Hesch 0-0: Ball
1-0: SINGLE (Groundball, 4MS, EV 69.4 MPH) (infield hit)
Batting: RHB Malik Worley 0-0: 2-RUN HOME RUN (Flyball, 9D, EV 95.6 MPH), Distance : 371 ft
Batting: RHB John Larsen 0-0: Ball
1-0: Foul Ball, location: 2F
1-1: Fly out, F9 (Flyball, 9D, EV 94.4 MPH)
Batting: SHB Xavier Rios 0-0: Ball
1-0: Called Strike
1-1: Ball
2-1: Swinging Strike
2-2: Ball
3-2: Base on Balls
Batting: RHB Lee O'Reilly 0-0: Fly out, F9 (Flyball, 9D, EV 101.3 MPH)
Batting: RHB Rich Cruz 0-0: Foul Ball, location: 9LSF
0-1: SINGLE (Flyball, 8RS, EV 100.6 MPH)
Xavier Rios to second
Batting: RHB Danny Phillips 0-0: Foul Ball, location: 9LDF
0-1: Called Strike
0-2: Strikes out looking
Bottom of the 4th over - 2 runs, 3 hits, 0 errors, 2 left on base; Princeton 4 - Baltimore (Rk+) 2
TOP OF THE 5TH
Princeton Rays batting - Pitching for Baltimore (Rk+) Orioles : RHP Sean Fresh
Batting: RHB Eric Fowler 0-0: Ball
1-0: Ball
2-0: Ball
3-0: Base on Balls
Batting: RHB Mike Konstantopoulos 0-0: Foul Ball, location: 9LDF
0-1: Ball
1-1: Ball
2-1: Foul Ball, location: 5FF
2-2: Ball
3-2: Base on Balls
Eric Fowler to second
Pitching: LHP Hector Guera
Batting: RHB Danny Arango 0-0: Ball
1-0: Swinging Strike
1-1: Foul Ball, location: 2F
1-2: Ball
2-2: Foul Ball, location: 9LMF
2-2: Ball
3-2: Grounds into double play, 6-4-3 (Groundball, 6, EV 100.0 MPH)
Eric Fowler to third
Batting: RHB Denzel Gordon 0-0: Ball
1-0: Swinging Strike
1-1: Foul Ball, location: 5F
1-2: Ball
2-2: Ball
3-2: Base on Balls
Batting: SHB Steve Roser 0-0: Ball
1-0: Called Strike
1-1: DOUBLE (Line Drive, 7LM, EV 105.0 MPH)
Eric Fowler scores
Denzel Gordon to third
Runner from 3rd tries for Home, SAFE, throw by LF to home
Batting: RHB Vincent Guajardo 0-0: Ball
1-0: Ball
2-0: Swinging Strike
2-1: Ball
3-1: Base on Balls
Batting: LHB Ruben Montero 0-0: Foul Ball, location: 7LDF
0-1: Ball
1-1: 3-RUN HOME RUN (Line Drive, 9LD, EV 96.9 MPH), Distance : 348 ft
Pitching: LHP Miguel Urquidi
Batting: LHB Manny Seay 0-0: Ball
1-0: Ball
2-0: Called Strike
2-1: SINGLE (Line Drive, 9LS, EV 102.5 MPH)
Batting: RHB Francisco Salinas 0-0: Swinging Strike
0-1: Swinging Strike
0-2: Ball
1-2: Ball
2-2: Strikes out swinging
Top of the 5th over - 5 runs, 3 hits, 0 errors, 1 left on base; Princeton 9 - Baltimore (Rk+) 2
BOTTOM OF THE 5TH
Baltimore (Rk+) Orioles batting - Pitching for Princeton Rays : RHP Jose Chabes
Batting: RHB Darius Williams 0-0: Ball
1-0: Fly out, F8 (Flyball, 8RS, EV 81.3 MPH)
Batting: LHB Jose Estrada 0-0: Ball
1-0: Ball
2-0: SINGLE (Groundball, 6MD, EV 101.9 MPH)
Batting: RHB Jimmy Hesch 0-0: Ball
1-0: SINGLE (Line Drive, 6MD, EV 103.1 MPH)
Jose Estrada to second
Batting: RHB Malik Worley 0-0: Ball
1-0: Swinging Strike
1-1: Grounds into double play, 4-6-3 (Groundball, 4, EV 90.6 MPH)
Bottom of the 5th over - 0 runs, 2 hits, 0 errors, 1 left on base; Princeton 9 - Baltimore (Rk+) 2
TOP OF THE 6TH
Princeton Rays batting - Pitching for Baltimore (Rk+) Orioles : LHP Miguel Urquidi
Batting: RHB Eric Fowler 0-0: Ball
1-0: Fly out, F8 (Flyball, 8RM, EV 88.8 MPH)
Batting: RHB Mike Konstantopoulos 0-0: Ball
1-0: Called Strike
1-1: Called Strike
1-2: Ball
2-2: Ball
3-2: Strikes out swinging
Batting: RHB Danny Arango 0-0: Ball
1-0: DOUBLE (Flyball, 8RXD, EV 112.5 MPH)
Batting: RHB Denzel Gordon 0-0: Ball
1-0: Foul Ball, location: 2F
1-1: Swinging Strike
1-2: Strikes out swinging
Top of the 6th over - 0 runs, 1 hit, 0 errors, 1 left on base; Princeton 9 - Baltimore (Rk+) 2
BOTTOM OF THE 6TH
Baltimore (Rk+) Orioles batting - Pitching for Princeton Rays : RHP Jose Chabes
Batting: RHB John Larsen 0-0: Ball
1-0: Ball
2-0: SINGLE (Groundball, 4D, EV 99.4 MPH)
Pitching: LHP Ezequiel Guerrero
Batting: SHB Xavier Rios 0-0: Ball
1-0: Foul Ball, location: 25F
1-1: Swinging Strike
1-2: Strikes out swinging
Batting: RHB Lee O'Reilly 0-0: Called Strike
0-1: Ball
1-1: Fly out, F7 (Flyball, 7LS, EV 92.5 MPH)
Batting: RHB Rich Cruz 0-0: Ball
1-0: Swinging Strike
1-1: Ball
2-1: Swinging Strike
2-2: Strikes out swinging
Bottom of the 6th over - 0 runs, 1 hit, 0 errors, 1 left on base; Princeton 9 - Baltimore (Rk+) 2
TOP OF THE 7TH
Princeton Rays batting - Pitching for Baltimore (Rk+) Orioles : LHP Miguel Urquidi
Pinch Hitting: RHB Devon Farmer 0-0: Called Strike
0-1: Called Strike
0-2: Ball
1-2: SINGLE (Groundball, 34D, EV 93.8 MPH)
Batting: RHB Vincent Guajardo 0-0: Fly out, F8 (Flyball, 8RM, EV 83.1 MPH)
Batting: LHB Ruben Montero 0-0: Called Strike
0-1: Swinging Strike
0-2: Ball
1-2: Strikes out swinging
Pinch Hitting: RHB Mark Litton 0-0: Fly out, F9 (Line Drive, 9LM, EV 110.0 MPH)
Top of the 7th over - 0 runs, 1 hit, 0 errors, 1 left on base; Princeton 9 - Baltimore (Rk+) 2
BOTTOM OF THE 7TH
Baltimore (Rk+) Orioles batting - Pitching for Princeton Rays : LHP Ezequiel Guerrero
Now in LF: Mike Lopez
Now in RF: Tim Eugster
Batting: RHB Danny Phillips 0-0: Ball
1-0: Called Strike
1-1: SOLO HOME RUN (Flyball, 7D, EV 105.6 MPH), Distance : 391 ft
Batting: RHB Darius Williams 0-0: Ball
1-0: Foul Ball, location: 2F
1-1: Ground out 4-3 (Groundball, 4M, EV 85.0 MPH)
Batting: LHB Jose Estrada 0-0: Called Strike
0-1: Swinging Strike
0-2: Strikes out looking
Batting: RHB Jimmy Hesch 0-0: SOLO HOME RUN (Flyball, 7D, EV 96.3 MPH), Distance : 367 ft
Batting: RHB Malik Worley 0-0: Called Strike
0-1: Ball
1-1: Foul Ball, location: 7LMF
1-2: Ball
2-2: Ball
3-2: Base on Balls
Batting: RHB John Larsen 0-0: Called Strike
0-1: Swinging Strike
0-2: Foul Ball, location: 9LDF
0-2: SINGLE (Flyball, 56D, EV 91.9 MPH)
Malik Worley to second
Batting: SHB Xavier Rios 0-0: Ball
1-0: Swinging Strike
1-1: Ball
2-1: Foul Ball, location: 5FF
2-2: Strikes out looking
Bottom of the 7th over - 2 runs, 3 hits, 0 errors, 2 left on base; Princeton 9 - Baltimore (Rk+) 4
TOP OF THE 8TH
Princeton Rays batting - Pitching for Baltimore (Rk+) Orioles : LHP Miguel Urquidi
Batting: RHB Francisco Salinas 0-0: Ball
1-0: Ball
2-0: Swinging Strike
2-1: Fly out, F7 (Flyball, 7, EV 83.8 MPH)
Pitching: RHP Gabriel Aguilar
Batting: RHB Eric Fowler 0-0: SOLO HOME RUN (Flyball, 7LD, EV 96.9 MPH), Distance : 357 ft
Batting: RHB Mike Konstantopoulos 0-0: Ground out 5-3 (Groundball, 5, EV 93.8 MPH)
Batting: RHB Danny Arango 0-0: Ball
1-0: Ball
2-0: Called Strike
2-1: Ball
3-1: SINGLE (Line Drive, 6D, EV 104.4 MPH)
Batting: RHB Denzel Gordon 0-0: Swinging Strike
0-1: Swinging Strike
0-2: Ball
1-2: Ball
2-2: Foul Ball, location: 2RF
2-2: Ball
3-2: Ground out 6-3 (Groundball, 6, EV 85.6 MPH)
Top of the 8th over - 1 run, 2 hits, 0 errors, 1 left on base; Princeton 10 - Baltimore (Rk+) 4
BOTTOM OF THE 8TH
Baltimore (Rk+) Orioles batting - Pitching for Princeton Rays : LHP Ezequiel Guerrero
Batting: RHB Lee O'Reilly 0-0: Ball
1-0: Ball
2-0: Ball
3-0: Base on Balls
Pitching: LHP Orfeo Checcinato
Batting: RHB Rich Cruz 0-0: Swinging Strike
0-1: Called Strike
0-2: Grounds into double play, 6-4-3 (Groundball, 6, EV 89.4 MPH)
Batting: RHB Danny Phillips 0-0: Ground out 4-3 (Groundball, 4S, EV 90.0 MPH)
Bottom of the 8th over - 0 runs, 0 hits, 0 errors, 0 left on base; Princeton 10 - Baltimore (Rk+) 4
TOP OF THE 9TH
Princeton Rays batting - Pitching for Baltimore (Rk+) Orioles : RHP Gabriel Aguilar
Batting: RHB Mike Lopez 0-0: Called Strike
0-1: Ball
1-1: Ball
2-1: Foul Ball, location: 3F
2-2: Ground out U3 (Groundball, 3, EV 80.0 MPH)
Batting: RHB Vincent Guajardo 0-0: Called Strike
0-1: Hit by Pitch
Batting: LHB Ruben Montero 0-0: Foul Ball, location: 2F
0-1: Ball
1-1: Called Strike
1-2: Hit by Pitch
Vincent Guajardo to second
Pitching: RHP Tony Martinez
Pinch Runner at 1st Andy Jones:
Batting: SHB Tim Eugster 0-0: Called Strike
0-1: Foul Ball, location: 5F
0-2: Ball
Wild Pitch!
Vincent Guajardo to third
Andy Jones to second
1-2: Ball
2-2: Fly out, F9 (Flyball, 9, EV 85.6 MPH)
Runner from 3rd tags up, SCORES, throw by RF
Andy Jones to third
Pinch Hitting: SHB John Cascone 0-0: Called Strike
0-1: Swinging Strike
0-2: Ball
1-2: Foul Ball, location: 5F
1-2: Strikes out looking
Top of the 9th over - 1 run, 0 hits, 0 errors, 1 left on base; Princeton 11 - Baltimore (Rk+) 4
BOTTOM OF THE 9TH
Baltimore (Rk+) Orioles batting - Pitching for Princeton Rays : LHP Orfeo Checcinato
Now at C: Carlos Estrada
Pinch Hitting: SHB Edgar Pedraza 0-0: Fly out, F8 (Flyball, 8LS, EV 89.4 MPH)
Pinch Hitting: RHB Dylan Elliott 0-0: Swinging Strike
0-1: Ball
1-1: Swinging Strike
1-2: Ball
2-2: Foul Ball, location: 7LDF
2-2: Foul Ball, location: 2F
2-2: Strikes out swinging
Batting: RHB Jimmy Hesch 0-0: SINGLE (Groundball, 56S, EV 73.1 MPH) (infield hit)
Batting: RHB Malik Worley 0-0: Swinging Strike
0-1: Foul Ball, location: 9LSF
0-2: Ball
1-2: Strikes out looking
Bottom of the 9th over - 0 runs, 1 hit, 0 errors, 1 left on base; Princeton 11 - Baltimore (Rk+) 4
Sunday, April 14th , 2024 - OOTP Baseball 24.11 Build 85